Map: 월드 오브 슬리퍼스 - 래더

Players

llllllllllll (Trap) - Winner!

  • Race: Protoss Protoss
  • League: Master
  • Spawn Location: 7:00

Clem

  • Race: Terran Terran
  • League: Master
  • Spawn Location: 1:00

Event: HomeStory Cup XX

VOD

Have the link to the VOD?

Description

Time

  • Played on: Nov. 23, 2019, 1:55 p.m.
  • Length: 9:00

All games in this series

Show
View Real Time Build Order
Export as new Build Order

llllllllllll Protoss - Winner!

Build Orders: 1 Gate Expand, Oracle Opening 

Get SALT Encoding   

  12  0:00  Probe  
  13  0:12  Probe  
  14  0:18  Pylon  
  14  0:24  Probe  
  15  0:33  Probe  
  15  0:37  Gateway  
  15  0:41  Probe  
  16  0:46  Assimilator  
  17  0:51  Probe  
  18  1:03  Probe  
  19  1:15  Probe  
  20  1:24  Cybernetics Core  
  22  1:26  Pylon  
  22  1:28  Probe  
  23  1:44  Nexus  
  23  1:46  Probe  
  22  1:51  Assimilator, Stalker  
  22  1:58  Probe  
  25  2:10  Probe  
  26  2:22  Probe  
  27  2:24  Stargate  
  27  2:28  Adept  
  29  2:34  Probe  
  30  2:37  Warp Gate  
  30  2:46  Probe  
  30  2:49  Stalker  
  31  2:56  Probe  
  31  2:57  Shield Battery  
  33  2:58  Probe  
  33  3:04  Oracle  
  34  3:08  Probe  
  34  3:10  Probe  
  39  3:20  Probe  
  39  3:23  Stalker, Probe  
  43  3:32  Pylon, Probe  
  44  3:35  Probe  
  44  3:41  Oracle  
  45  3:45  Probe  
  46  3:50  Probe  
  46  3:54  Gateway  
  50  3:56  Gateway  
  50  3:58  Pylon  
  50  3:59  Probe  
  50  4:02  Probe  
  52  4:08  Assimilator x2  
  52  4:12  Probe  
  52  4:14  Probe  
  54  4:20  Robotics Facility  
  54  4:25  Stalker  
  54  4:27  Shield Battery  
  54  4:29  Pylon  
  54  4:30  Probe x2  
  58  4:43  Probe x2  
  60  4:46  Stalker  
  60  4:53  Zealot x2  
  60  4:57  Forge  
  64  5:03  Immortal  
  64  5:11  Sentry  
  70  5:20  Robotics Bay  
  70  5:23  Pylon  
  70  5:25  Pylon  
  68  5:29  Zealot x2  
  68  5:31  Probe x2  
  68  5:34  Protoss Ground Weapons Level 1  
  66  5:37  Immortal  
  66  5:39  Twilight Council  
  66  5:45  Gateway  
  66  5:49  Gateway  
  70  6:05  Colossus  
  70  6:06  Nexus  
  70  6:08  Extended Thermal Lance  
  70  6:11  Pylon  
  70  6:15  Blink  
  76  6:29  Zealot x2  
  80  6:35  Shield Battery, Sentry  
  82  6:42  Shield Battery, Colossus  
  82  6:48  Pylon  
  82  6:55  Probe x2  
  89  7:04  Sentry, Zealot  
  93  7:14  Pylon  
  93  7:17  Stalker x3  
  99  7:25  Gateway x2  
  99  7:28  Sentry, Zealot  
  99  7:29  Warp Prism  
  105  7:43  Zealot  
  105  7:44  Stalker  
  109  7:46  Probe x3  
  112  7:57  Zealot x2  
  116  7:58  Zealot  
  116  8:03  Pylon  
  103  8:23  Stalker x4  
  103  8:24  Stalker x2  
  111  8:28  Stalker  
  113  8:41  Probe x3  
  114  8:54  Stalker x4  
Show
View Real Time Build Order
Export as new Build Order

Clem Terran 

Build Orders:  

Get SALT Encoding   

  12  0:00  SCV  
  13  0:12  SCV  
  14  0:17  Supply Depot  
  14  0:24  SCV  
  15  0:38  SCV  
  15  0:39  Barracks  
  16  0:44  Refinery  
  16  0:50  SCV  
  17  1:02  SCV  
  18  1:15  SCV  
  19  1:27  Marine, Orbital Command  
  20  1:40  Command Center  
  20  1:47  Barracks Tech Lab  
  20  1:51  Supply Depot  
  21  1:54  SCV  
  21  2:06  Marauder, Concussive Shells  
  23  2:13  SCV  
  23  2:15  Barracks  
  24  2:25  SCV  
  24  2:27  Marauder  
  27  2:33  Barracks  
  27  2:38  SCV  
  28  2:48  Marine  
  28  2:49  Stimpack  
  29  2:53  Orbital Command  
  29  2:55  SCV  
  30  3:01  Engineering Bay  
  30  3:02  Barracks Reactor  
  30  3:06  Marine  
  30  3:10  SCV  
  32  3:19  SCV  
  33  3:21  Marine  
  33  3:24  Marine  
  35  3:27  Supply Depot, SCV  
  35  3:28  Terran Infantry Weapons Level 1  
  35  3:32  SCV  
  37  3:38  Marine  
  37  3:39  Refinery, Marine  
  37  3:40  Marine  
  37  3:41  SCV  
  41  3:44  Marine  
  41  3:45  SCV  
  43  3:50  Supply Depot  
  43  3:51  Refinery, Supply Depot  
  44  3:55  SCV  
  44  3:56  Marine  
  44  3:57  Marine, SCV  
  44  4:02  Marine, Marauder  
  50  4:07  SCV  
  50  4:09  SCV  
  52  4:12  Factory  
  52  4:15  Barracks Tech Lab  
  52  4:20  Marine x2, SCV  
  52  4:23  SCV  
  56  4:27  Marauder  
  58  4:32  SCV  
  58  4:33  Combat Shield  
  58  4:35  SCV  
  60  4:44  Marauder  
  60  4:45  Marine x2  
  64  4:46  SCV  
  64  4:49  Supply Depot  
  64  4:50  Refinery  
  66  4:53  Marauder  
  58  5:01  Starport, SCV  
  58  5:05  Factory Reactor  
  55  5:10  Marine x2  
  55  5:11  SCV  
  55  5:18  Marauder  
  55  5:19  SCV  
  57  5:23  SCV  
  56  5:31  SCV  
  56  5:34  Marauder  
  51  5:35  SCV  
  51  5:36  Marine  
  51  5:37  Marine  
  51  5:42  Marine  
  53  5:43  SCV  
  53  5:47  Terran Infantry Armor Level 1  
  53  5:48  SCV  
  53  5:49  Missile Turret  
  55  5:50  Factory Reactor  
  55  5:52  Missile Turret  
  55  5:55  SCV  
  54  5:58  Marine x2  
  54  6:00  SCV  
  54  6:02  Medivac  
  56  6:04  Medivac  
  56  6:07  SCV  
  59  6:12  SCV  
  59  6:13  Marauder  
  59  6:15  Marauder  
  64  6:19  Marine, Supply Depot, SCV  
  64  6:20  Marine  
  64  6:24  SCV  
  68  6:31  Refinery, Supply Depot  
  68  6:32  SCV  
  69  6:36  SCV  
  70  6:40  Marine x2  
  70  6:41  Widow Mine x2  
  70  6:44  Marauder  
  78  6:51  SCV  
  78  6:52  Medivac x2  
  78  6:53  Marauder, SCV  
  85  6:58  Supply Depot  
  85  7:00  Marine  
  86  7:02  Marine  
  86  7:07  Supply Depot, SCV  
  86  7:08  SCV  
  86  7:12  Liberator  
  86  7:20  Widow Mine, Marauder x2, SCV  
  93  7:26  Supply Depot  
  93  7:27  Marine  
  93  7:28  Marine  
  93  7:29  Widow Mine  
  100  7:30  Liberator  
  100  7:33  Supply Depot  
  100  7:41  Marauder, Supply Depot  
  102  7:48  Marauder  
  107  7:56  Marine x2  
  109  7:58  Liberator, Command Center  
  109  8:00  Supply Depot  
  109  8:03  Widow Mine x2  
  113  8:10  Marauder  
  106  8:14  Marauder  
  106  8:16  Marine  
  106  8:18  Marine  
  96  8:31  Widow Mine x2, Marauder  
  101  8:35  Marauder  
  101  8:38  SCV x2  
  101  8:39  Barracks  
  101  8:41  Marine x2, Barracks  
Tags
 
Add a new tag
Caveats
  • Supply blocks, unpowered buildings, or Contaminate may cause inaccurate times.
  • Supply counts are checked every 10 seconds.